TOP OF THE 1ST |
Kansas City Kings batting - Pitching for Madison Bombers : RHP Bennie Jones
|
Pitching: RHP Bennie Jones
|
|
Batting: RHB Chris Chandler
|
0-0: Ball 1-0: Ball 2-0: Called Strike 2-1: Ball 3-1: Base on Balls
|
Batting: SHB Víctor Serrano
|
0-0: Called Strike Chris Chandler is caught stealing 2nd base 0-1: Ball 1-1: Ball 2-1: Ball 3-1: Base on Balls
|
Batting: RHB Toshimichi Kono
|
0-0: Ball 1-0: Ball 2-0: Ball 3-0: Called Strike 3-1: Called Strike 3-2: Base on Balls Víctor Serrano to second
|
Batting: RHB Alonso Ramos
|
0-0: Ball 1-0: SINGLE (Line Drive, 7S) Víctor Serrano to third Toshimichi Kono to second
|
Batting: LHB Pablo Reyes
|
0-0: Ball 1-0: Ball 2-0: Ball 3-0: Called Strike 3-1: Base on Balls Víctor Serrano scores Toshimichi Kono to third Alonso Ramos to second
|
Batting: LHB Vic Robertson
|
0-0: Ball 1-0: Foul Ball, location: 2F 1-1: Ball 2-1: Foul Ball, location: 2F 2-2: Ball 3-2: SINGLE (Flyball, 89S) Toshimichi Kono scores Alonso Ramos to third Pablo Reyes to second
|
Batting: RHB Dave Parker
|
0-0: Called Strike 0-1: SINGLE (Line Drive, 78M) Alonso Ramos scores Pablo Reyes to third Vic Robertson to second Runner from 3rd tries for Home, SAFE, no throw or cutoff
|
Batting: RHB Adrian Prouse
|
0-0: Foul Ball, location: 2F 0-1: Fielders Choice at 2nd, 1-6 (Groundball, 15) Vic Robertson to third
|
Batting: RHB Miguel Hernández
|
0-0: Ball 1-0: Ball 2-0: Ball 3-0: Base on Balls Adrian Prouse to second
|
Batting: RHB Chris Chandler
|
0-0: Ball 1-0: Foul Ball, location: 2F 1-1: Ball 2-1: Called Strike 2-2: Ball 3-2: Foul Ball, location: 2F 3-2: Foul Ball, location: 2F 3-2: Base on Balls Vic Robertson scores Adrian Prouse to third Miguel Hernández to second
|
Batting: SHB Víctor Serrano
|
0-0: Ball 1-0: Called Strike 1-1: Ball 2-1: Foul Ball, location: 2F 2-2: Ball 3-2: Ground out U3 (Groundball, 3)
|
Top of the 1st over - 5 run(s), 3 hit(s), 0 error(s), 3 left on base; Kansas City 5 - Madison 0 |
BOTTOM OF THE 1ST |
Madison Bombers batting - Pitching for Kansas City Kings : RHP Carlos Pacheco
|
Pitching: RHP Carlos Pacheco
|
|
Batting: RHB Pablo Gonzáles
|
0-0: Swinging Strike 0-1: Swinging Strike 0-2: Strikes out looking
|
Batting: RHB Sergio Márquez
|
0-0: Ball 1-0: SINGLE (Line Drive, 89S)
|
Batting: LHB Seung-chun Mun
|
0-0: Ball 1-0: Called Strike 1-1: Foul Ball, location: 2F 1-2: Foul Ball, location: 2F 1-2: Ball 2-2: SINGLE (Flyball, 8RS) Sergio Márquez to second
|
Batting: RHB Vicente Aguirre
|
0-0: Ball 1-0: Fly out, F4 (Popup, 4M)
|
Batting: LHB Sixto Cantú
|
0-0: Ball 1-0: Ball 2-0: Ground out U3 (Groundball, 3)
|
Bottom of the 1st over - 0 run(s), 2 hit(s), 0 error(s), 2 left on base; Kansas City 5 - Madison 0 |
TOP OF THE 2ND |
Kansas City Kings batting - Pitching for Madison Bombers : RHP Bennie Jones
|
Batting: RHB Toshimichi Kono
|
0-0: Ball 1-0: Ground out 6-3 (Groundball, 6)
|
Batting: RHB Alonso Ramos
|
0-0: Ball 1-0: Called Strike 1-1: Swinging Strike 1-2: Strikes out swinging
|
Batting: LHB Pablo Reyes
|
0-0: Called Strike 0-1: Ball 1-1: Fly out, F7 (Line Drive, 7D)
|
Top of the 2nd over - 0 run(s), 0 hit(s), 0 error(s), 0 left on base; Kansas City 5 - Madison 0 |
BOTTOM OF THE 2ND |
Madison Bombers batting - Pitching for Kansas City Kings : RHP Carlos Pacheco
|
Batting: SHB Jorge Flores
|
0-0: Ball 1-0: Ball 2-0: Foul Ball, location: 2F 2-1: Swinging Strike 2-2: Foul Ball, location: 2F 2-2: Ground out U3 (Groundball, 3L)
|
Batting: SHB Bob Warren
|
0-0: Ball 1-0: Called Strike 1-1: Foul Ball, location: 2F 1-2: SINGLE (Line Drive, 34)
|
Batting: RHB Emílio Carrillo
|
0-0: DOUBLE (Line Drive, 8LD) Bob Warren to third
|
Batting: RHB Greg King
|
0-0: Called Strike 0-1: Foul Ball, location: 2F 0-2: Strikes out looking
|
Batting: RHB Pablo Gonzáles
|
0-0: 3-RUN HOME RUN (Flyball, 7D), Distance : 373 ft
|
Batting: RHB Sergio Márquez
|
0-0: Called Strike 0-1: Ball 1-1: Ball 2-1: SINGLE (Line Drive, 56D)
|
Batting: LHB Seung-chun Mun
|
0-0: Called Strike 0-1: Called Strike 0-2: Ball 1-2: Strikes out swinging
|
Bottom of the 2nd over - 3 run(s), 4 hit(s), 0 error(s), 1 left on base; Kansas City 5 - Madison 3 |
TOP OF THE 3RD |
Kansas City Kings batting - Pitching for Madison Bombers : RHP Bennie Jones
|
Batting: LHB Vic Robertson
|
0-0: Foul Ball, location: 2F 0-1: Ball 1-1: Foul Ball, location: 2F 1-2: Foul Ball, location: 2F 1-2: Ground out 4-3 (Groundball, 4)
|
Batting: RHB Dave Parker
|
0-0: Ball 1-0: Swinging Strike 1-1: Foul Ball, location: 2F 1-2: Ball 2-2: Strikes out looking
|
Batting: RHB Adrian Prouse
|
0-0: Foul Ball, location: 2F 0-1: Ball 1-1: Foul Ball, location: 2F 1-2: SINGLE (Line Drive, 3D)
|
Batting: RHB Miguel Hernández
|
0-0: Ball 1-0: Called Strike 1-1: Ball 2-1: Foul Ball, location: 2F 2-2: Fielders Choice at 2nd, U6 (Groundball, 6M)
|
Top of the 3rd over - 0 run(s), 1 hit(s), 0 error(s), 1 left on base; Kansas City 5 - Madison 3 |
BOTTOM OF THE 3RD |
Madison Bombers batting - Pitching for Kansas City Kings : RHP Carlos Pacheco
|
Batting: RHB Vicente Aguirre
|
0-0: Called Strike 0-1: Ball 1-1: Swinging Strike 1-2: Foul Ball, location: 2F 1-2: Fly out, F9 (Flyball, 89S)
|
Batting: LHB Sixto Cantú
|
0-0: Foul Ball, location: 2F 0-1: Ball 1-1: Called Strike 1-2: Strikes out swinging
|
Batting: SHB Jorge Flores
|
0-0: Foul Ball, location: 2F 0-1: Ball 1-1: Foul Ball, location: 2F 1-2: Ball 2-2: Strikes out swinging
|
Bottom of the 3rd over - 0 run(s), 0 hit(s), 0 error(s), 0 left on base; Kansas City 5 - Madison 3 |
TOP OF THE 4TH |
Kansas City Kings batting - Pitching for Madison Bombers : RHP José Lara
|
Pitching: RHP José Lara
|
|
Batting: RHB Chris Chandler
|
0-0: Called Strike 0-1: Ball 1-1: Ground out 5-3 (Groundball, 5)
|
Batting: SHB Víctor Serrano
|
0-0: Foul Ball, location: 2F 0-1: Called Strike 0-2: Strikes out swinging
|
Batting: RHB Toshimichi Kono
|
0-0: Ball 1-0: Ball 2-0: Called Strike 2-1: Ball Single, Error in OF, E8, batter to second base
|
Batting: RHB Alonso Ramos
|
0-0: Ball 1-0: Ball 2-0: Ball 3-0: Base on Balls
|
Batting: LHB Pablo Reyes
|
0-0: Ball 1-0: DOUBLE (Flyball, 7D) Toshimichi Kono scores Alonso Ramos to third Runner from 3rd tries for Home, SAFE, no throw or cutoff
|
Batting: LHB Vic Robertson
|
0-0: Foul Ball, location: 2F 0-1: Foul Ball, location: 2F 0-2: Foul Ball, location: 2F 0-2: Fly out, F7 (Flyball, 7S)
|
Top of the 4th over - 2 run(s), 2 hit(s), 1 error(s), 1 left on base; Kansas City 7 - Madison 3 |
BOTTOM OF THE 4TH |
Madison Bombers batting - Pitching for Kansas City Kings : RHP Carlos Pacheco
|
Batting: SHB Bob Warren
|
0-0: Swinging Strike 0-1: Foul Ball, location: 2F 0-2: Strikes out swinging
|
Batting: RHB Emílio Carrillo
|
0-0: Called Strike 0-1: Swinging Strike 0-2: SINGLE (Line Drive, 78M)
|
Batting: RHB Greg King
|
0-0: SINGLE (Line Drive, 13) Emílio Carrillo to second
|
Batting: RHB Pablo Gonzáles
|
0-0: Ball 1-0: Ball 2-0: Called Strike 2-1: Ball 3-1: Called Strike 3-2: Foul Ball, location: 2F 3-2: Base on Balls Emílio Carrillo to third Greg King to second
|
Batting: RHB Sergio Márquez
|
0-0: Ball 1-0: Foul Ball, location: 2F 1-1: Swinging Strike 1-2: Foul Ball, location: 2F 1-2: Fielders Choice at 2nd, 3-6 (Groundball, 3) Emílio Carrillo scores Greg King to third
|
Batting: LHB Seung-chun Mun
|
0-0: Foul Ball, location: 2F 0-1: Swinging Strike 0-2: Strikes out looking
|
Bottom of the 4th over - 1 run(s), 2 hit(s), 0 error(s), 2 left on base; Kansas City 7 - Madison 4 |
TOP OF THE 5TH |
Kansas City Kings batting - Pitching for Madison Bombers : RHP José Lara
|
Batting: RHB Dave Parker
|
0-0: Ball 1-0: DOUBLE (Flyball, 78XD)
|
Batting: RHB Adrian Prouse
|
0-0: Ground out 4-3 (Groundball, 4M) Dave Parker to third
|
Batting: RHB Miguel Hernández
|
0-0: Ground out 5-3 (Groundball, 56) Dave Parker scores
|
Pinch Hitting: LHB Michael Cook
|
0-0: Ball 1-0: Ball 2-0: Called Strike 2-1: Ball 3-1: Foul Ball, location: 2F 3-2: Strikes out looking
|
Top of the 5th over - 1 run(s), 1 hit(s), 0 error(s), 0 left on base; Kansas City 8 - Madison 4 |
BOTTOM OF THE 5TH |
Madison Bombers batting - Pitching for Kansas City Kings : RHP Carlos Pacheco
|
Pitching: RHP Sébastien Benoit
|
|
Now at 2B: Mitsuoki Taguchi
|
|
Batting: RHB Vicente Aguirre
|
0-0: Called Strike 0-1: Swinging Strike 0-2: Foul Ball, location: 2F 0-2: Ball 1-2: Strikes out swinging
|
Batting: LHB Sixto Cantú
|
0-0: Ball 1-0: Foul Ball, location: 2F 1-1: Foul Ball, location: 2F 1-2: Ground out 4-3 (Groundball, 4)
|
Batting: SHB Jorge Flores
|
0-0: Called Strike 0-1: Ball 1-1: Foul Ball, location: 2F 1-2: Ball 2-2: Ball 3-2: Strikes out looking
|
Bottom of the 5th over - 0 run(s), 0 hit(s), 0 error(s), 0 left on base; Kansas City 8 - Madison 4 |
TOP OF THE 6TH |
Kansas City Kings batting - Pitching for Madison Bombers : RHP José Lara
|
Pitching: LHP Tim Wilson
|
|
Batting: SHB Víctor Serrano
|
0-0: Ball 1-0: Ball 2-0: Ball 3-0: Base on Balls
|
Pinch Hitting: RHB José Tamayo
|
0-0: Ball 1-0: Ball 2-0: Grounds into double play, 4-6-3 (Groundball, 4M)
|
Pinch Hitting: RHB Tony Quinn
|
0-0: Swinging Strike 0-1: SINGLE (Groundball, 3D)
|
Pinch Hitting: RHB Norm Francis
|
0-0: Foul Ball, location: 2F 0-1: Ball 1-1: Swinging Strike 1-2: Ball 2-2: Strikes out looking
|
Top of the 6th over - 0 run(s), 1 hit(s), 0 error(s), 1 left on base; Kansas City 8 - Madison 4 |
BOTTOM OF THE 6TH |
Madison Bombers batting - Pitching for Kansas City Kings : RHP Sébastien Benoit
|
Now at 1B: José Tamayo
|
|
Now in CF: Tony Quinn
|
|
Now in RF: Brian Boone
|
|
Batting: SHB Bob Warren
|
0-0: Ground out 4-3 (Groundball, 4)
|
Batting: RHB Emílio Carrillo
|
0-0: Foul Ball, location: 2F 0-1: Ball 1-1: Ball 2-1: Swinging Strike 2-2: Strikes out swinging
|
Batting: RHB Greg King
|
0-0: Ball 1-0: Swinging Strike 1-1: Ball 2-1: SINGLE (Line Drive, 7LS)
|
Pinch Hitting: RHB William Farmer
|
0-0: Ball 1-0: Called Strike Greg King steals 2nd base 1-1: Ball 2-1: Swinging Strike 2-2: Strikes out looking
|
Bottom of the 6th over - 0 run(s), 1 hit(s), 0 error(s), 1 left on base; Kansas City 8 - Madison 4 |
TOP OF THE 7TH |
Kansas City Kings batting - Pitching for Madison Bombers : LHP Tim Wilson
|
Now in CF: William Farmer
|
|
Batting: RHB Eric Fuller
|
0-0: Ball 1-0: Called Strike 1-1: Called Strike 1-2: Ground out 6-3 (Groundball, 6)
|
Pinch Hitting: LHB Ethan Marshall
|
0-0: SOLO HOME RUN (Flyball, 89XD), Distance : 413 ft
|
Pinch Hitting: SHB Orlando Aguilar
|
0-0: Called Strike 0-1: Swinging Strike 0-2: Ball 1-2: Foul Ball, location: 2F 1-2: Ball 2-2: DOUBLE (Line Drive, 78S)
|
Pinch Hitting: RHB Dennis Garner
|
0-0: Ball 1-0: Called Strike 1-1: Called Strike 1-2: Ball 2-2: Foul Ball, location: 2F 2-2: Ball 3-2: DOUBLE (Line Drive, 7LM) Orlando Aguilar scores
|
Pitching: RHP Manny Canseco
|
|
Batting: RHB Mitsuoki Taguchi
|
0-0: Ball 1-0: Called Strike 1-1: Ground out 6-3 (Groundball, 6) Dennis Garner to third
|
Batting: SHB Víctor Serrano
|
0-0: Called Strike 0-1: Ball 1-1: Swinging Strike 1-2: Ball 2-2: Foul Ball, location: 2F 2-2: Ball 3-2: Foul Ball, location: 2F 3-2: Base on Balls
|
Batting: RHB José Tamayo
|
0-0: Swinging Strike 0-1: Foul Ball, location: 2F 0-2: Foul Ball, location: 2F 0-2: Ground out 5-3 (Groundball, 5S)
|
Top of the 7th over - 2 run(s), 3 hit(s), 0 error(s), 2 left on base; Kansas City 10 - Madison 4 |
BOTTOM OF THE 7TH |
Madison Bombers batting - Pitching for Kansas City Kings : RHP Sébastien Benoit
|
Pitching: RHP Frederick Kern
|
|
Now at 3B: Orlando Aguilar
|
|
Now at SS: Dennis Garner
|
|
Now in LF: Howard Lambert
|
|
Pinch Hitting: LHB Aroghetto Dionisotti
|
0-0: Called Strike 0-1: SINGLE (Line Drive, 9S)
|
Pinch Hitting: RHB Bailey Ramsey
|
0-0: Ball Pickoff Throw to First - Out! 1-0: Called Strike 1-1: Foul Ball, location: 2F 1-2: Fly out, F9 (Flyball, 9M)
|
Batting: RHB Vicente Aguirre
|
0-0: SINGLE (Groundball, 4MD)
|
Pinch Hitting: RHB Quinton Martínez
|
0-0: Ball 1-0: Ball 2-0: Ball 3-0: Called Strike 3-1: Base on Balls Vicente Aguirre to second
|
Batting: SHB Jorge Flores
|
0-0: Swinging Strike 0-1: Foul Ball, location: 2F 0-2: Ball 1-2: Ball 2-2: Ball 3-2: Base on Balls Vicente Aguirre to third Quinton Martínez to second
|
Pinch Hitting: LHB John Latham
|
0-0: Ball 1-0: Ball 2-0: Called Strike 2-1: Foul Ball, location: 2F 2-2: Foul Ball, location: 2F 2-2: Ball 3-2: Strikes out swinging
|
Bottom of the 7th over - 0 run(s), 2 hit(s), 0 error(s), 3 left on base; Kansas City 10 - Madison 4 |
TOP OF THE 8TH |
Kansas City Kings batting - Pitching for Madison Bombers : RHP Manny Canseco
|
Now at 1B: Quinton Martínez
|
|
Now at 3B: Bailey Ramsey
|
|
Now in LF: Aroghetto Dionisotti
|
|
Now in RF: John Latham
|
|
Batting: RHB Tony Quinn
|
0-0: Called Strike 0-1: Ball 1-1: Ball 2-1: Ball 3-1: SINGLE (Line Drive, 78M)
|
Batting: LHB Brian Boone
|
0-0: Called Strike 0-1: Called Strike 0-2: Ball 1-2: Foul Ball, location: 2F 1-2: Ball 2-2: Grounds out, U3 (Groundball, 3L)
|
Batting: RHB Eric Fuller
|
0-0: Swinging Strike 0-1: Called Strike 0-2: Ball 1-2: Ball 2-2: Ball 3-2: Foul Ball, location: 2F 3-2: Foul Ball, location: 2F 3-2: Foul Ball, location: 2F 3-2: Ground out 4-3 (Groundball, 4M) Tony Quinn to third
|
Batting: LHB Howard Lambert
|
0-0: Foul Ball, location: 2F 0-1: Called Strike 0-2: Foul Ball, location: 2F 0-2: Ball 1-2: Ground out 3-1 (Groundball, 34)
|
Top of the 8th over - 0 run(s), 1 hit(s), 0 error(s), 1 left on base; Kansas City 10 - Madison 4 |
BOTTOM OF THE 8TH |
Madison Bombers batting - Pitching for Kansas City Kings : RHP Frederick Kern
|
Batting: LHB Avery Hopkins
|
0-0: Ball 1-0: Foul Ball, location: 2F 1-1: Ball 2-1: Ball 3-1: Ground out U3 (Groundball, 3S)
|
Batting: RHB Greg King
|
0-0: Fly out, F9 (Flyball, 89M)
|
Batting: RHB William Farmer
|
0-0: Swinging Strike 0-1: Called Strike 0-2: Strikes out looking
|
Bottom of the 8th over - 0 run(s), 0 hit(s), 0 error(s), 0 left on base; Kansas City 10 - Madison 4 |
TOP OF THE 9TH |
Kansas City Kings batting - Pitching for Madison Bombers : RHP Manny Canseco
|
Pitching: RHP Gerald Duncan
|
|
Batting: SHB Orlando Aguilar
|
0-0: Fly out, F7 (Flyball, 7D)
|
Batting: RHB Dennis Garner
|
0-0: Ball 1-0: Ball 2-0: Ball 3-0: Called Strike 3-1: Base on Balls
|
Batting: RHB Mitsuoki Taguchi
|
0-0: Ball 1-0: Called Strike Dennis Garner steals 2nd base 1-1: Ball 2-1: Ball 3-1: Ground out 1-3 (Groundball, 25)
|
Pinch Hitting: RHB Ronald Parsons
|
0-0: Ground out 6-3 (Groundball, 6)
|
Top of the 9th over - 0 run(s), 0 hit(s), 0 error(s), 1 left on base; Kansas City 10 - Madison 4 |
BOTTOM OF THE 9TH |
Madison Bombers batting - Pitching for Kansas City Kings : RHP Frederick Kern
|
Now at C: Ronald Parsons
|
|
Batting: LHB Aroghetto Dionisotti
|
0-0: Ball 1-0: Ball 2-0: Foul Ball, location: 2F 2-1: Fly out, F8 (Flyball, 8RS)
|
Batting: RHB Bailey Ramsey
|
0-0: Called Strike 0-1: Foul Ball, location: 2F 0-2: Ball 1-2: Fly out, F9 (Flyball, 9LM)
|
Pinch Hitting: RHB Ulysse Bélisle
|
0-0: Called Strike 0-1: Ball 1-1: Ball 2-1: Swinging Strike 2-2: Strikes out swinging
|
Bottom of the 9th over - 0 run(s), 0 hit(s), 0 error(s), 0 left on base; Kansas City 10 - Madison 4 |
|